Unix NetHack Version 5.0.0-0 post-release - last build May 23 2026 06:08:33 (1c0ff79ee797540d5714e4e18072db0edd9e58ae,branch:main).

Game began 2026-05-26 17:23:19, ended 2026-05-26 19:56:49.

Eymerich, chaotic male elven Priest

                                              -------            ---------
                                              |.....|        ##%#-.....<.|
                              ------     ## 0#..{...|        #   |..^....|
                              |....|#####[    |.....|        #   |....d..|
                             #|....|#    #####-.....-#      ##   ----.----
                         0####.....|#         |.....|##  ####        #
                              ---|--#         ------- ####           #
                               ######                    #           #
                            ########                    ##         ###
                   d@##@#ddd#    # #                     #       ###
                                 # #                     #   ----|--
                                -.-.--                   #   |.....|
                                |....|                   ### |x....|
                                |....|                     # |.....|
                                |....|                     ##-.....|
                                |....|                       |.....|
                                |....|                       |.....|
                                ------                       -------

Eymerich the Adept           St:13 Dx:13 Co:15 In:11 Wi:16 Ch:11  Chaotic
Dlvl:4  $:309 HP:0(47) Pw:103(103) AC:-1 Xp:8 T:7676  Burdened

Latest messages:
 You avoid harm.
 The werewolf bites!
 You hit the werewolf!
 The werewolf changes into a human.
 The werewolf summons help!
 A wolf suddenly appears next to you!
 A warg suddenly appears close by!
 A wolf suddenly appears close by!
 The werewolf hits!
 What do you want to use or apply? [gijoru-wyGIU or ?*]
 Improvise? [ynq] (q)
 You start playing your bugle.
 You extract a loud noise from your bugle.
 The wolf turns to flee.
 The warg turns to flee.
 The wolf turns to flee.
 The werewolf turns to flee.
 The wolf bites!
 You hit the wolf!
 The wolf bites!
 The wolf misses!
 You hit the wolf!
 The wolf just misses!
 You kill the wolf!
 What do you want to wield? [- ahuzBCMO-QWZ or ?*]
 z - a silver dagger (weapon in right hand).
 The werewolf just misses!
 You hit the werewolf.
 Your silver dagger sears the werewolf's flesh!
 The werewolf summons help!
 A warg suddenly appears next to you!
 A wolf suddenly appears close by!
 A wolf suddenly appears close by!
 A wolf suddenly appears close by!
 The werewolf hits!
 You hit the werewolf!
 Your silver dagger sears the werewolf's flesh!
 The warg bites!
 What do you want to use or apply? [gijoru-wyGIU or ?*]
 Improvise? [ynq] (q)
 You start playing your bugle.
 You extract a loud noise from your bugle.
 The wolf turns to flee.
 The wolf turns to flee.
 The wolf turns to flee.
 The warg turns to flee.
 The warg bites!
 The warg bites!
 You die...
 Do you want your possessions identified? [ynq] (y)

Inventory:
 Coins    ('$')
  $ - 309 gold pieces
 Weapons  (')')
  W - 13 blessed +2 arrows
  h - 8 blessed poisoned +2 orcish arrows
  C - a +0 bow
  B - 36 +1 darts (at the ready)
  Q - 74 +0 darts
  O - 13 +0 daggers
  z - a +0 silver dagger (weapon in right hand)
  M - a +0 aklys
  P - a +0 aklys
  a - a blessed +4 mace
  Z - a +0 orcish short sword
 Armor    ('[')
  H - a blessed +1 pair of iron shoes (being worn)
  L - a blessed +1 dwarvish cloak
  b - a +0 robe
  A - a blessed +2 dwarvish mithril-coat (being worn)
 Comestibles  ('%')
  e - a clove of garlic
  k - 4 food rations
  m - a lembas wafer
  l - a pancake
  f - a sprig of wolfsbane
  c - a tripe ration
  N - a lizard corpse
  Y - a lizard corpse
 Scrolls  ('?')
  p - a blessed scroll of amnesia
  n - a cursed scroll of confuse monster
  X - a cursed scroll of create monster
  T - 2 scrolls of destroy armor
  K - a scroll of identify
  V - a scroll of teleportation
 Potions  ('!')
  J - a potion of acid
  R - a potion of gain energy
  d - a cursed potion of object detection
  x - a potion of oil
 Rings    ('=')
  D - a cursed ring of aggravate monster
  t - a cursed ring of polymorph
  q - a ring of searching
  E - a ring of sustain ability
 Wands    ('/')
  v - a wand of make invisible (0:6)
  o - a wand of striking (0:1)
 Tools    ('(')
  j - a bugle
  U - a blindfold
  w - an expensive camera (0:72)
  y - a lock pick
  I - a magic lamp
  i - a magic marker (0:20)
  G - a mirror
  u - a +0 pick-axe (alternate weapon; not wielded)
  g - a tallow candle
 Gems/Stones  ('*')
  s - an amber stone named soft
  S - a garnet stone named soft
  F - a worthless piece of violet glass named soft
  r - a luckstone

Eymerich the Priest's attributes:

Background:
 You were an Adept, a level 8 elven Priest.
 You were chaotic, nominally on a mission for Loki
 who was opposed by Tyr (lawful) and Odin (neutral).
 You were right-handed.
 You were in the Dungeons of Doom, on level 4.
 You entered the dungeon 7676 turns ago.
 You had 1887 experience points, 673 more were needed to attain level 9.

Basics:
 You had 0 out of 47 hit points.
 You had all 103 energy points (spell power).
 Your armor class was -1.
 Your wallet contained 309 zorkmids.
 Autopickup was off.

Final Characteristics:
 Your strength was 13 (limit:18).
 Your dexterity was 13 (limit:18).
 Your constitution was 15 (limit:16).
 Your intelligence was 11 (limit:20).
 Your wisdom was 16 (limit:20).
 Your charisma was 11 (limit:18).

Final Status:
 You weren't hungry.
 You were burdened; movement was slightly slowed.
 You were wielding a dagger.
 You had no skill with dagger.

Final Attributes:
 You were piously aligned.
 You were sleep resistant.
 You were poison resistant.
 You were telepathic.
 You had infravision.
 You were guarded.
 Your spell casting was impaired by metallic armor.
 You were lucky.
 You had extra luck.
 Bad luck did not time out for you.
 Good luck did not time out for you.
 You are dead.

Miscellaneous:
 You didn't encounter any bones levels.
 Total elapsed playing time was 2 hours, 15 minutes and 48 seconds.

Major events:
 Turn
    1: Eymerich the chaotic elven Priest entered the dungeon
  637: attained the rank of Acolyte (level 3)
 2158: entered the Gnomish Mines
 2763: attained the rank of Adept (level 6)
 4339: reached Mine Town
 7676: killed by a warg

Spells:
 Name                 Level Category     Fail Retention
 light                  1   clerical      79%   61%-70%
 healing                1   healing       63%   51%-75%

Skills:
 Fighting Skills
   bare handed combat [Unskilled]
 Weapon Skills
   club               [Unskilled]
   mace               [Expert]
   morning star       [Unskilled]
   flail              [Unskilled]
   hammer             [Unskilled]
   quarterstaff       [Unskilled]
   polearms           [Unskilled]
   spear              [Unskilled]
   trident            [Unskilled]
   lance              [Unskilled]
   bow                [Unskilled]
   sling              [Unskilled]
   crossbow           [Unskilled]
   dart               [Basic]
   shuriken           [Unskilled]
   boomerang          [Unskilled]
   unicorn horn       [Unskilled]
 Spellcasting Skills
   healing spells     [Unskilled]
   divination spells  [Unskilled]
   clerical spells    [Basic]

Voluntary challenges:
 Character rerolling was not enabled.
 You were an atheist.
 You never genocided any monsters.
 You never polymorphed an object.
 You never changed form.
 You used no wishes.
Achievements:
 You attained the rank of Acolyte.
 You entered the Gnomish Mines.
 You attained the rank of Adept.
 You entered Minetown.
 You entered a temple.
 You entered a shop.

 The Dungeons of Doom: levels 1 to 4
    Level 1:
    Level 2:
       A fountain, many trees.
       Stairs down to The Gnomish Mines.
    Level 3:
       Some fountains.
    Level 4: <- You were here.
       A sink.
       Final resting place for
          you, killed by a warg.
 The Gnomish Mines: levels 3 to 7
    Level 3:
    Level 4:
    Level 5:
       Many shops, a temple and an altar, some fountains.
    Level 6:
    Level 7:


Vanquished creatures:
  a large dog
  2 giant beetles
  3 wolves
  3 leprechauns
  a giant spider
 an owlbear
  2 lizards
  2 jaguars
  2 blue jellies
  a bugbear
  6 wood nymphs
  a water nymph
  8 Mordor orcs
 11 Uruk-hai
 an orc shaman
  a rock piercer
  a rock mole
  2 ponies
  2 fog clouds
  a shrieker
  a violet fungus
 11 gnome leaders
  2 gnomish wizards
  a kobold mummy
  2 elf zombies
  3 giant ants
  a floating eye
 10 dwarves
  a homunculus
  3 kobold shamans
  9 hill orcs
 11 rothes
  2 giant bats
  4 orc zombies
  2 wererats
  a werejackal
  2 iguanas
  2 acid blobs
  4 coyotes
  a gas spore
  2 hobbits
  9 manes
  2 large kobolds
  a hobgoblin
  2 giant rats
  3 cave spiders
  2 green molds
  a red mold
 38 gnomes
  2 garter snakes
  2 gnome zombies
  7 geckos
 13 jackals
  3 foxes
  a kobold
  5 goblins
  3 sewer rats
  5 grid bugs
  7 lichens
  5 newts
238 creatures vanquished.

No species were genocided or became extinct.

Game over:
                       ----------
                      /          \
                     /    REST    \
                    /      IN      \
                   /     PEACE      \
                  /                  \
                  |     Eymerich     |
                  |      309 Au      |
                  | killed by a warg |
                  |                  |
                  |                  |
                  |                  |
                  |       2026       |
                 *|     *  *  *      | *
        _________)/\\_//(\/(/\)/\//\/|_)_______

Goodbye Eymerich the Priest...

You died in The Dungeons of Doom on dungeon level 4 with 8127 points,
and 309 pieces of gold, after 7676 moves.
You were level 8 with a maximum of 47 hit points when you died.

